 Dungeon Crawl Stone Soup version 0.30-a0-626-gd6a5dd7a1f (webtiles) character file.

Game seed: 18422425077289033962

3 BaabKaare the Sneak (level 1, 0/13 HPs)
             Began as a Human Enchanter on Jan 11, 2023.
             Slain by a jackal (2 damage)
             ... on level 2 of the Dungeon.
             The game lasted 00:00:40 (217 turns).

BaabKaare the Sneak (Human Enchanter)                Turns: 217, Time: 00:00:41

Health: 0/13       AC:  2    Str:  8    XL:     1   Next: 55%
Magic:  3/3        EV: 12    Int: 15    God:
Gold:   21         SH:  0    Dex: 13    Spells: 4/4 levels left

rFire   . . .      SeeInvis .    a - +1 dagger
rCold   . . .      Faith    .    (no shield)
rNeg    . . .      Spirit   .    b - +0 robe
rPois   .          Reflect  .    (no helmet)
rElec   .          Harm     .    (no cloak)
rCorr   .          Rampage  .    (no gloves)
Will    .....                    (no boots)
Stlth   ++                       (no amulet)
HPRegen 0.22/turn                (no ring)
MPRegen 0.08/turn                (no ring)

@: no status effects
A: no striking features
a: no special abilities


You were on level 2 of the Dungeon.
You visited 1 branch of the dungeon, and saw 2 of its levels.

You collected 21 gold pieces.

Inventory:

Hand Weapons
 a - a +1 dagger (weapon)
Armour
 b - a +0 robe (worn)
Scrolls
 d - a scroll of identify {unknown}
Potions
 c - 3 potions of invisibility
 e - a potion of haste {unknown}


   Skills:
 + Level 1.0 Short Blades
 + Level 2.0 Dodging
 + Level 3.1 Stealth
 + Level 2.0 Spellcasting
 + Level 3.1 Hexes


You had 4 spell levels left.
You didn't know any spells.
Your spell library contained the following spells:

 Spells                   Type           Power      Damage    Failure   Level
 Ensorcelled Hibernation  Hex/Ice        12%        N/A       19%         2
 Confusing Touch          Hex            10%        N/A       19%         3
 Tukima's Dance           Hex            10%        N/A       19%         3
 Dazzling Flash           Conj/Hex       12%        N/A       34%         3


Dungeon Overview and Level Annotations

Branches:
Dungeon (1/15)

Altars:


Message History

A jackal comes into view.
The jackal barks!
You hear a bark!
The jackal bites you. The jackal barely misses you.
The jackal closely misses you. The jackal bites you. The jackal misses you.
You barely miss the jackal.
A jackal comes into view.
You closely miss the jackal.
The jackal bites you but does no damage.
The jackal barely misses you. The jackal closely misses you.
You hit the jackal.
The jackal is severely wounded.
The jackal barely misses you. The jackal closely misses you.
The jackal barely misses you.
You hit the jackal but do no damage.
The jackal is severely wounded.
The jackal barely misses you.
The jackal bites you but does no damage.
The jackal bites you.
You closely miss the jackal.
The jackal is severely wounded.
The jackal closely misses you. The jackal completely misses you.
The jackal closely misses you. x2; The jackal bites you.
The jackal completely misses you.
You barely miss the jackal.
The jackal is severely wounded.
The jackal barely misses you. The jackal bites you.
The jackal barely misses you.
You barely miss the jackal.
The jackal is severely wounded.
The jackal bites you but does no damage. x2
The jackal closely misses you. The jackal bites you. The jackal misses you.
The jackal bites you.
You hit the jackal but do no damage.
The jackal is severely wounded.
The jackal bites you but does no damage.
The jackal bites you.
* * * LOW HITPOINT WARNING * * *
The jackal bites you.
You die...

###### .....#
####.# #.# ### #.#
#.. #.# # #.#
####.# #. #h#
.....# #.##h##
####.# # #.h@h# #.#
.#.##..# #.# #.#
#..# ## #.# #.#
#..#
.###.#######.###..#
..................#
.###########.####.#
## #.# #.#
#######.# #.#


You could see 4 jackals.

Vanquished Creatures
  2 endoplasms (D:1)
  A rat (D:1)
3 creatures vanquished.

Notes
Turn   | Place    | Note
-------+----------+-------------------------------------------
     0 | D:1      | BaabKaare the Human Enchanter began the quest for the Orb.
     0 | D:1      | Reached XP level 1. HP: 13/13 MP: 3/3
   143 | D:1      | You fall into a shaft and drop 1 floor!
   217 | D:2      | Slain by a jackal

Illustrated notes

Levels and vault maps discovered:
D:1:      dpeg_arrival_leaves_temple_mockup, layout_basic, glass_columns_a,
          nrook_mini_vaults, minmay_distorted
D:2:      layout_loops_ring, serial_shops, shop, grunt_ministairs_3,
          minivault_4, uniq_crazy_yiuf_cottage

Action                   || total
-------------------------++-------
Melee: Dagger            ||    15
 Stab: Sleeping          ||     1
Armor: Robe              ||     6
Dodge: Dodged            ||    21

Table legend: (Time is in decaauts)
 A = Elapsed time spent in this place.
 B = Non-inter-level travel time spent in this place.
 C = Inter-level travel time spent in this place.
 D = Time resting spent in this place.
 E = Time spent auto-exploring this place.
 F = Levels seen in this place.
 G = Mean time per level.
                   A        B        C        D        E       F      G
               +--------+--------+--------+--------+--------+-----+--------+
         Total |    216 |    216 |      0 |      0 |    130 |   2 |  108.0 |
       Dungeon |    216 |    216 |      0 |      0 |    130 |   2 |  108.0 |
               +--------+--------+--------+--------+--------+-----+--------+

Top non-repeatable levels by time:
     D:1: 142 daAuts
     D:2: 73 daAuts
